 Dungeon Crawl Stone Soup version 0.25-a0-496-g8c4878dea3 (console) character file.

Game seed: 4558787078348719204, levelgen mode: deterministic

14 Kagalorn the Slasher (level 2, 0/20 HPs)
             Began as a Halfling Berserker on Feb 12, 2020.
             Was a Follower of Trog.
             Slain by a jackal (3 damage)
             ... on level 1 of the Dungeon.
             The game lasted 00:00:51 (189 turns).

Kagalorn the Slasher (Halfling Berserker)            Turns: 189, Time: 00:00:52

Health: 0/20       AC:  2    Str: 18    XL:     2   Next: 55%
Magic:  2/2        EV: 15    Int:  5    God:    Trog [*.....]
Gold:   7          SH:  0    Dex: 13    Spells: 1/1 levels left

rFire    . . .     SeeInvis .   a - +0 falchion
rCold    . . .     Gourm    .   (shield restricted)
rNeg     . . .     Faith    .   b - +0 animal skin
rPois    .         Spirit   .   (no helmet)
rElec    .         Reflect  .   (no cloak)
rCorr    .         Harm     .   (no gloves)
MR       .....                  (no boots)
Stlth    +.........             (no amulet)
HPRegen  0.06/turn              (no ring)
MPRegen  0.08/turn              (no ring)

@: no status effects
A: small, mutation resistance 1
a: Berserk, Renounce Religion


You were on level 1 of the Dungeon.
You worshipped Trog.
Trog was aware of your devotion.
You were not hungry.

You visited 1 branch of the dungeon, and saw 1 of its levels.

You collected 7 gold pieces.

Inventory:

Hand Weapons
 a - a +0 falchion (weapon)
Missiles
 g - 2 stones (quivered)
Armour
 b - a +0 animal skin (worn)
Jewellery
 f - an uncursed ring of resist corrosion {unknown}
Scrolls
 d - a scroll of identify {unknown}
 e - a scroll of teleportation {unknown}
Comestibles
 c - 2 rations


   Skills:
 - Level 2.6 Fighting
 + Level 3.7 Long Blades
 - Level 2.1 Armour
 - Level 2.1 Dodging


You had one spell level left.
You didn't know any spells.
Your spell library was empty.

Dungeon Overview and Level Annotations

Branches:
Dungeon (1/15)

Altars:
Cheibriados


Innate Abilities, Weirdness & Mutations

You are small and have problems with some larger weapons.
You are somewhat resistant to further mutation.


Message History

The jackal is moderately wounded.
The jackal bites you but does no damage.
The jackal closely misses you.
You barely miss the jackal.
The jackal is moderately wounded.
The jackal bites you.
* * * LOW HITPOINT WARNING * * *
You hit the jackal but do no damage.
The jackal is moderately wounded.
The jackal bites you.
* * * LOW HITPOINT WARNING * * *
The jackal completely misses you.
You closely miss the jackal.
The jackal is moderately wounded.
The jackal misses you.
You riposte.
You hit the jackal.
The jackal is heavily wounded.
You barely miss the jackal.
The jackal is heavily wounded.
The jackal bites you.
You die...

#. #. .... #.#### ....
#....# ... # #....#
..#### .. #.h..# .....
#........#.h..# ...#
#........####.###...#
+..............h@.>.#
#........##....##.#.....
#........##....# .# ###
...............# ..
##.............# ###
...............####
......###.........#
##....# #††.......#
#....# #.........#


You could see a jackal.

Vanquished Creatures
  3 goblins (D:1)
  A hobgoblin (D:1)
  3 jackals (D:1)
  A bat (D:1)
  A frilled lizard (D:1)
  A kobold (D:1)
  3 rats (D:1)
13 creatures vanquished.

Notes
Turn   | Place    | Note
-------+----------+-------------------------------------------
     0 | D:1      | Kagalorn the Halfling Berserker began the quest for the
                  | Orb.
     0 | D:1      | Reached XP level 1. HP: 15/15 MP: 1/1
    61 | D:1      | Reached XP level 2. HP: 16/20 MP: 2/2
   137 | D:1      | Found a snail-covered altar of Cheibriados.
   189 | D:1      | Slain by a jackal

Levels and vault maps discovered:
D:1:      psy_arrival_fountain, layout_basic, serial_curves, eino_curves_01,
          eino_curves_02, cheibriados_altar_1

Action                   || total
-------------------------++-------
Melee: Falchion          ||    32
Armor: Animal skin       ||     4
Dodge: Dodged            ||    27
       Rpst.: Falchion   ||    11

Table legend:
 A = Non-vault XP
 B = Vault XP
 C = Vault XP percentage of total XP
 D = Non-vault monster count
 E = Vault monster count
 F = Vault count percentage of total count
                 A         B        C        D         E       F
            +---------+---------+-------+---------+---------+-------
      Total |      20 |       0 |   0.0 |      13 |       0 |   0.0
            +---------+---------+-------+---------+---------+-------
        D:1 |      20 |       0 |   0.0 |      13 |       0 |   0.0
            +---------+---------+-------+---------+---------+-------
